 Dungeon Crawl Stone Soup version 0.32-a0-953-g508020473e (webtiles) character file.

Game seed: 4689389783113292417

2807 Ofeo the Destroyer (level 9, -1/62 (71) HPs)
             Began as a Mountain Dwarf Reaver on Apr 16, 2024.
             Was a Believer of Ru.
             Slain by a wight
             ... wielding a +5 spear
              (4 damage)
             ... on level 8 of the Dungeon.
             The game lasted 00:18:28 (11343 turns).

Ofeo the Destroyer (Mountain Dwarf Reaver)         Turns: 11343, Time: 00:18:28

HP:   -1/62 (71)    AC: 10    Str: 13 (14) XL:     9   Next: 44%
MP:   12/12         EV:  5    Int: 16 (19) God:    Ru [**....]
Gold: 264           SH:  0    Dex:  6 (8)  Spells: 8/14 levels left

rFire   x . .        h - +5 hand axe (freeze)
rCold   x . .        s - orb {light}
rNeg    . . .        c - +0 chain mail
rPois   .            (no helmet)
rElec   .            (no cloak)
rCorr   .            (no gloves)
SInv    .            (no boots)
Will    .....        (no amulet) Stlth
                     (no ring)
HPRegen 0.30/turn    (no ring)
MPRegen 0.13/turn

%: no passive effects
@: glowing, heavily drained
A: temperature sensitive, runic magic, artefact enchanting, iridescent scales 1,
low MP 1, screaming 1, wild magic 1, inability to read after injury 1
a: Renounce Religion


You were on level 8 of the Dungeon.
You worshipped Ru.
Ru was pleased with you.
You visited 2 branches of the dungeon, and saw 9 of its levels.
You also visited: Ossuary.

You collected 433 gold pieces.
You spent 169 gold pieces at shops.

Inventory:

Hand Weapons
 a - a +0 hand axe of protection
 h - a +5 hand axe of freezing (weapon)
 o - a +3 whip of freezing
 r - a +0 morningstar
 u - a +2 falchion of flaming
Missiles
 x - a throwing net
Armour
 b - a +0 leather armour
 c - a +0 chain mail (worn)
 n - a +0 plate armour
 s - an orb of light (worn)
Wands
 g - a wand of digging (8) {@v1}
Scrolls
 f - 2 scrolls of fog
 j - a scroll of brand weapon
 v - a scroll of teleportation {@r3}
 y - a scroll of immolation
 z - a scroll of enchant weapon
Potions
 d - a potion of magic
 e - a potion of brilliance
 i - a potion of mutation
 l - a potion of cancellation {unknown}
 m - 2 potions of might {@q4}
 t - 2 potions of attraction {unknown}
 w - 2 potions of lignification {unknown}
 I - a potion of invisibility


   Skills:
 + Level 4.1 Fighting
 - Level 4.0 Axes
 - Level 1.7 Dodging
 + Level 3.2 Spellcasting
 - Level 10.4 Conjurations
 - Level 3.0 Necromancy
 - Level 3.0 Translocations


You had 8 spell levels left.
You knew the following spells:

 Your Spells              Type           Power      Damage    Failure   Level
a - Kiss of Death         Conj/Necr      100%       2d13      4%          1
b - Momentum Strike       Conj/Tloc      62%        3d9       6%          2
c - Hailstorm             Conj/Ice       25%        3d7       21%         3

Your spell library contained the following spells:

 Spells                   Type           Power      Damage    Failure   Level
 Magic Dart               Conj           100%       1d8       1%          1
 Blink                    Tloc           30%        N/A       26%         2
 Vampiric Draining        Necr           15%        2d7       43%         3
 Slow                     Hex            12%        N/A       47%         1
 Call Imp                 Summ           6%         N/A       61%         2
 Dispel Undead            Necr           15%        3d10      82%         4
 Confusing Touch          Hex            3%         N/A       83%         3
 Frozen Ramparts          Ice            6%         1d1       83%         3
 Ozocubu's Armour         Ice            3%         N/A       83%         3
 Metabolic Englaciation   Hex/Ice        1%         N/A       100%        5
 Conjure Ball Lightning   Conj/Air       12%        3x3d6     100%        6
 Discord                  Hex            1%         N/A       100%        8
 Disjunction              Tloc           7%         N/A       100%        8


Dungeon Overview and Level Annotations

Branches:
Dungeon (8/15)             Temple (1/1) D:5         Ossuary (visited)
   Lair: D:8-11

Altars:
Ashenzari
Cheibriados
Dithmenos
Elyvilon
Fedhas
Gozag
Hepliaklqana
Kikubaaqudgha
Nemelex Xobeh
Okawaru
Qazlal
Ru
Trog
Uskayaw
Vehumet
Wu Jian
Yredelemnul
The Shining One

Shops:
D:1 =   D:6 !

Annotations:
D:3 2 transporters


Innate Abilities, Weirdness & Mutations

You are sensitive to extremes of temperature. (rF-, rC-)
Your spellcasting is much less encumbered by armour.
You can use scrolls of enchantment on lesser artefacts.
You are partially covered in iridescent scales. (AC +2)
Your magical capacity is low. (-10% MP)
You occasionally shout uncontrollably at your foes.
Your spells are a little harder to cast, but a little more powerful.
You occasionally lose the ability to read scrolls when taking damage.


Message History

You feel drained.
Your Fighting skill increases to level 4!
You take 3 damage, and have 26/66 hp.
You hit the wight.
The wight is moderately damaged.
The wight hits you with a +1 mace. The wight hits you but does no damage.
You take 5 damage, and have 21/66 hp.
You slash the wight!
The wight is severely damaged.
The wight hits you but does no damage. The wight hits you with a +1 mace.
* * * LOW HITPOINT WARNING * * *
You feel drained.
* * * LOW HITPOINT WARNING * * *
You take 9 damage, and have 12/65 hp.
You barely miss the wight.
The wight is severely damaged.
The wight barely misses you. The wight hits you but does no damage.
The wight barely misses you.
You hit the wight but do no damage.
The wight is severely damaged.
The wight is stunned by your conviction and fails to attack.
The wight hits you from afar with a +5 spear.
* * * LOW HITPOINT WARNING * * *
You feel drained.
You take 1 damage, and have 12/63 hp.
You hit the wight.
The wight is almost destroyed.
The wight hits you with a +1 mace.
* * * LOW HITPOINT WARNING * * *
You feel drained.
The wight hits you from afar with a +5 spear!
* * * LOW HITPOINT WARNING * * *
You take 10 damage, and have 2/62 hp.
It was a potion of degeneration.
There was something very wrong with that liquid.
You feel weakened.
You feel dopey.
You feel clumsy.
The wight is stunned by your conviction and fails to attack.
The wight hits you from afar with a +5 spear.
You die...
Ru respects your ultimate sacrifice.

###..##.........#
##...##........|#
#....##.........#
.....##.>.......####......
.#........................
##...##<...........#.....#
#...##.........##§#§§...#
#...##.........##§§§ßß...
#...##.........@##..§....
.#####.........z)#.ߧ§...
.. ##..........z..c§... ..
##......#........§.
######.#.....##.##
#.#.##..# #...# ...# ...##
#..# ... #.#


You could see 2 wights.

Vanquished Creatures
  A hornet (D:6)
  A steam dragon (D:7)
  2 water moccasins
  An ice beast (D:6)
  A sky beast (D:7)
  An ogre (D:7)
  A phantom (D:5)
  A centaur (D:8)
  2 elf zombies (Ossuary)
  A bullfrog (D:7)
  A kobold brigand (D:7)
  3 scorpions
  6 wights
  2 centaur zombies (Ossuary)
  2 jellies
  2 orc priests (D:7)
  3 human zombies (Ossuary)
  3 bombardier beetles
  A gnoll bouda (D:6)
  3 hounds
  A sleepcap (D:8)
  3 iguanas
  2 crocodile zombies (Ossuary)
  A spectral hound (Ossuary)
  4 mummies (Ossuary)
  9 gnolls
  8 adders
  4 hound simulacra (Ossuary)
  2 shadow imps
  A white imp (D:5)
  3 spectral adders (Ossuary)
  A spectral gnoll (Ossuary)
  2 dart slugs
  4 ribbon worms
  3 adder simulacra (Ossuary)
  13 orcs
  A ball python (D:2)
  7 endoplasms
  5 giant cockroaches
  8 goblins
  7 hobgoblins
  14 jackals
  4 quokkas
  A bat (D:2)
  4 frilled lizards
  A gnoll simulacrum (Ossuary)
  5 gnoll zombies (Ossuary)
  A jackal simulacrum (Ossuary)
  10 kobolds
  4 kobold zombies (Ossuary)
  7 orc zombies (Ossuary)
  11 rats
  6 spectral jackals (Ossuary)
195 creatures vanquished.

Notes
Turn   | Place    | Note
-------+----------+-------------------------------------------
     0 | D:1      | Ofeo the Mountain Dwarf Reaver began the quest for the Orb.
     0 | D:1      | Reached XP level 1. HP: 17/17 MP: 3/3
   342 | D:1      | Reached XP level 2. HP: 13/19 MP: 4/4
   874 | D:1      | Reached XP level 3. HP: 25/25 MP: 6/6
   947 | D:1      | Found Urequpp's Jewellery Shoppe.
   991 | D:1      | Found a faded altar of an unknown god.
  1343 | D:2      | Reached skill level 3 in Conjurations
  1439 | D:2      | Learned a level 2 spell: Momentum Strike
  1443 | D:2      | Learned a level 3 spell: Hailstorm
  1789 | D:2      | Reached XP level 4. HP: 37/37 MP: 7/7
  3518 | D:3      | Found a transporter.
  3521 | D:3      | Found a white marble altar of Elyvilon.
  3521 | D:3      | Found a transporter.
  4333 | D:4      | Reached skill level 4 in Conjurations
  4337 | D:4      | Reached XP level 5. HP: 20/42 MP: 8/8
  4937 | D:4      | Reached skill level 5 in Conjurations
  5327 | D:4      | Found a hide-covered altar of Uskayaw.
  5375 | D:4      | Found an ancient bone altar of Kikubaaqudgha.
  5474 | D:4      | Reached XP level 6. HP: 22/50 MP: 4/9
  5926 | D:5      | Entered Level 5 of the Dungeon
  6001 | D:5      | Noticed a water moccasin
  6004 | D:5      | Killed a water moccasin
  6005 | D:5      | Reached skill level 6 in Conjurations
  6005 | D:5      | Reached skill level 1 in Necromancy
  6005 | D:5      | Reached skill level 1 in Translocations
  6149 | D:5      | Reached XP level 7. HP: 43/52 MP: 10/10
  6459 | D:5      | Found a sand-covered staircase.
  6470 | Ossuary  | Entered an ossuary
  7044 | Ossuary  | Reached skill level 7 in Conjurations
  7044 | Ossuary  | Reached XP level 8. HP: 52/62 MP: 11/11
  7156 | Ossuary  | Gained mutation: Your spells are a little easier to cast,
                  | but a little less powerful. [potion of mutation]
  7156 | Ossuary  | Gained mutation: You occasionally shout uncontrollably at
                  | your foes. [potion of mutation]
  7156 | Ossuary  | Gained mutation: You are agile. (Dex +4, Str/Int -1)
                  | [potion of mutation]
  7192 | Ossuary  | Lost mutation: You are agile. (Dex +4, Str/Int -1) [potion
                  | of mutation]
  7192 | Ossuary  | Lost mutation: Your spells are a little easier to cast, but
                  | a little less powerful. [potion of mutation]
  7192 | Ossuary  | Gained mutation: Your magical capacity is low. (-10% MP)
                  | [potion of mutation]
  7192 | Ossuary  | Gained mutation: You are partially covered in iridescent
                  | scales. (AC +2) [potion of mutation]
  7192 | Ossuary  | Gained mutation: You occasionally lose the ability to read
                  | scrolls when taking damage. [potion of mutation]
  7192 | Ossuary  | Gained mutation: Your spells are a little harder to cast,
                  | but a little more powerful. [potion of mutation]
  7778 | D:5      | Found a staircase to the Ecumenical Temple.
  7989 | D:5      | Found a hazy altar of Hepliaklqana.
  8226 | Temple   | Entered the Ecumenical Temple
  8271 | Temple   | Became a worshipper of Ru the Awakened
  8348 | D:6      | Found Yloil's Distillery.
  8357 | D:6      | Bought a potion of resistance for 130 gold pieces
  8357 | D:6      | Bought a potion of curing for 39 gold pieces
  8536 | D:6      | Noticed a hornet
  8537 | D:6      | Reached skill level 8 in Conjurations
  8560 | D:6      | Killed a hornet
  8591 | D:6      | Reached skill level 9 in Conjurations
  9382 | D:6      | Found an iron altar of Okawaru.
  9792 | D:7      | Reached XP level 9. HP: 46/68 MP: 11/11
 10194 | D:7      | Reached skill level 10 in Conjurations
 10221 | D:7      | Found a bloodstained altar of Trog.
 11294 | D:8      | Found a sparkling altar of Nemelex Xobeh.
 11306 | D:8      | Gained mutation: You are sensitive to extremes of
                  | temperature. (rF-, rC-) [Ru sacrifice]
 11306 | D:8      | Reached * piety under Ru
 11306 | D:8      | Reached ** piety under Ru
 11342 | D:8      | HP: 2/62 [wight/+5 spear (7)]
 11343 | D:8      | Slain by a wight

Illustrated notes

Levels and vault maps discovered:
D:1:      dpeg_arrival_oval, layout_rooms,
          hellmonk_ecumenical_altar_leap_of_faith, serial_forest,
          infiniplex_forest_straight_2, infiniplex_forest_pool,
          infiniplex_forest_lined_room_3, infiniplex_forest_clump_medium,
          infiniplex_forest_clump_large, infiniplex_forest_straight_2,
          infiniplex_forest_lined_2, infiniplex_forest_zigzag_2, serial_shops,
          shop, chequers_garden, minivault_19, chequers_serial_rivers_room_b
D:2:      layout_basic, guppyfry_early_lair_pool
D:3:      layout_basic, elyvilon_altar_4, serial_curves, eino_curves_02,
          eino_curves_02, eino_curves_01, eino_curves_04
D:4:      layout_gridville, kiku_gazebo_pond_becter, marbit_many_paths,
          minmay_misc_feat_tower, kennysheep_cluttered_room
D:5:      layout_loops_ring, lemuel_coloured_pillars_altar,
          minmay_temple_entry_statues_pillars,
          lightli_ossuary_entry_decrepit_ruins
D:6:      layout_loops_ring, okawaru_metal_pillars_1_2, serial_shops,
          nicolae_shop_industrial_runoff
D:7:      layout_basic, kennysheep_mini, chequers_arboretum
D:8:      layout_rooms, grunt_temple_overflow_open,
          nemelex_diamond_rough_becter, serial_undead, serial_undead_e,
          serial_undead_a, serial_undead_e, serial_undead_b, serial_undead_f,
          serial_undead_e, serial_undead_a, serial_shops, shop,
          nicolae_shop_pleasant_corner_grove, shop,
          nicolae_shop_just_a_little_nook
Temple:   grunt_temple_mini_profane

Skill      XL: |  1  2  3  4  5  6  7  8  9 |
---------------+----------------------------+-----
Spellcasting   | 2 3 |  3.2
Axes           | 4 |  4.0
Conjurations   | 3 4 5 6 7 9 10 | 10.4
Necromancy     | 2 3 |  3.0
Translocations | 1 3 |  3.0
Fighting       | 4 |  4.1
Dodging        | |  1.7

Action                     |  1- 3 |  4- 6 |  7- 9 || total
---------------------------+-------+-------+-------++-------
  Melee: Hand axe          |    31 |       |    26 ||    57
         Whip              |   102 |   195 |   421 ||   718
         Falchion          |       |       |    20 ||    20
   Cast: Kiss of Death     |     3 |     2 |     4 ||     9
         Momentum Strike   |       |     4 |     6 ||    10
         Hailstorm         |       |       |     4 ||     4
 Invoke: Sacrifice Resista |       |       |     1 ||     1
    Use: Scroll            |       |    11 |     1 ||    12
         Potion            |       |       |    14 ||    14
 Armour: Leather armour    |    65 |       |       ||    65
         Plate armour      |    39 |    27 |       ||    66
         Chain mail        |       |   150 |   460 ||   610
  Dodge: Dodged            |    56 |    45 |   154 ||   255

Table legend: (Time is in decaauts)
 A = Elapsed time spent in this place.
 B = Non-inter-level travel time spent in this place.
 C = Inter-level travel time spent in this place.
 D = Time resting spent in this place.
 E = Time spent auto-exploring this place.
 F = Levels seen in this place.
 G = Mean time per level.
                   A        B        C        D        E       F      G
               +--------+--------+--------+--------+--------+-----+--------+
         Total |  11332 |  10921 |    411 |    830 |   8176 |  10 | 1133.2 |
       Dungeon |  10401 |  10032 |    369 |    698 |   7824 |   8 | 1300.1 |
        Temple |     58 |     17 |     41 |      0 |      0 |   1 |   58.0 |
       Ossuary |    873 |    873 |      0 |    132 |    352 |   1 |  873.0 |
               +--------+--------+--------+--------+--------+-----+--------+

Top non-repeatable levels by time:
     D:7: 1671 daAuts
     D:4: 1630 daAuts
     D:2: 1519 daAuts
     D:3: 1510 daAuts
     D:5: 1422 daAuts
     D:1: 1273 daAuts
     D:6: 1198 daAuts
 Ossuary: 873 daAuts
     D:8: 176 daAuts
  Temple: 58 daAuts
